 Dungeon Crawl Stone Soup version 0.21.1-1-g345015f (webtiles) character file.

2643 pk666 the Thaumaturge (level 9, -5/44 (45) HPs)
             Began as a Deep Elf Wizard on Feb 16, 2018.
             Was a Believer of Vehumet.
             Slain by Joseph
             ... wielding a +0 quarterstaff
              (19 damage)
             ... on level 8 of the Dungeon.
             The game lasted 00:22:15 (10092 turns).

pk666 the Thaumaturge (Deep Elf Wizard)            Turns: 10092, Time: 00:22:15

HP:   -5/44 (45)    AC:  2    Str:  9    XL:     9   Next: 35%
MP:   5/24          EV: 14    Int: 27    God:    Vehumet [**....]
Gold: 278           SH:  0    Dex: 13    Spells: 18/27 levels left

rFire    + . .     SeeInvis .   f - +0 dagger
rCold    . . .     Gourm    .   (no shield)
rNeg     . . .     Faith    .   a - +0 robe
rPois    .         Spirit   .   b - +0 hat
rElec    .         Reflect  .   (no cloak)
rCorr    .         Harm     .   (no gloves)
MR       .....                  (no boots)
Stlth    ++........             (no amulet)
HPRegen  0.14/turn              l - ring of protection from fire
MPRegen  0.19/turn              x - +5 ring of strength

@: no status effects
A: no striking features
a: Renounce Religion


You were on level 8 of the Dungeon.
You worshipped Vehumet.
Vehumet was pleased with you.
You were not hungry.

You visited 1 branch of the dungeon, and saw 8 of its levels.

You collected 366 gold pieces.
You spent 88 gold pieces at shops.

Inventory:

Hand Weapons
 f - a +0 dagger (weapon)
Armour
 a - a +0 robe (worn)
 b - a +0 hat (worn)
Magical Staves
 A - an uncursed staff of cold
Jewellery
 l - a ring of protection from fire (left hand)
 x - a +5 ring of strength (right hand)
 C - an uncursed ring of poison resistance {unknown}
Wands
 t - a wand of flame (65)
 y - a wand of acid (11)
Scrolls
 e - a scroll of immolation {unknown}
 i - a scroll of enchant armour {unknown}
 j - a scroll of noise {unknown}
 k - 2 scrolls of fear {unknown}
 m - a scroll of magic mapping {unknown}
 n - 3 scrolls of remove curse
 p - 2 scrolls of teleportation {unknown}
 q - 10 scrolls of identify {unknown}
 s - a scroll of amnesia {unknown}
Potions
 g - 4 potions of curing
 h - 2 potions of lignification {unknown}
 o - a potion of magic {unknown}
 r - 2 potions of agility {unknown}
 u - 2 potions of haste {unknown}
 v - a potion of degeneration {unknown}
 w - a potion of invisibility {unknown}
 z - a potion of mutation {unknown}
 B - a potion of heal wounds
 D - a potion of flight {unknown}
Books
 c - a book of Minor Magic

   Spells                             Type                      Level
   a - Magic Dart                     Conjuration                  1
   b - Blink                          Translocation                2
   c - Call Imp                       Summoning                    2
   d - Slow                           Hexes                        2
   e - Conjure Flame                  Conjuration/Fire             3
   f - Mephitic Cloud                 Conjuration/Poison/Air       3
Comestibles
 d - 18 rations
 E - a chunk of flesh


   Skills:
 - Level 5.0 Dodging
 - Level 2.4 Stealth
 * Level 9.8 Spellcasting
 * Level 7.4 Conjurations
   Level 1.1 Summonings
 - Level 1.1 Translocations
 * Level 7.0 Fire Magic
 - Level 2.1 Air Magic
 - Level 3.0 Poison Magic


You had 18 spell levels left.
You knew the following spells:

 Your Spells              Type           Power        Failure   Level  Hunger
a - Magic Dart            Conj           ####         1%          1    None
b - Blink                 Tloc           N/A          4%          2    None
d - Conjure Flame         Conj/Fire      ######..     1%          3    None
z - Mephitic Cloud        Conj/Pois/Air  #####...     2%          3    None


Dungeon Overview and Level Annotations

Branches:
Dungeon (8/15)             Temple (0/1) D:7
   Lair: D:8-11

Altars:
Dithmenos
Hepliaklqana
Okawaru
Qazlal
Sif Muna
Trog
Vehumet
Wu Jian
The Shining One

Shops:
D:6 !   D:7 (

Annotations:
D:8 Joseph


Message History

Joseph is heavily wounded.
Joseph is engulfed in blazing flames.
Joseph barely misses you.
Casting: Magic Dart
Confirm with . or Enter, or press ? or * to list all spells.
Aiming: Magic Dart
Press: ? - help, Shift-Dir - straight line, f/p - Joseph
Aim: Joseph, wielding a quarterstaff and wearing a ring mail (flame, heavily wounded, confused)
The magic dart hits Joseph.
Joseph is heavily wounded.
Joseph is engulfed in blazing flames.
Casting: Magic Dart
Confirm with . or Enter, or press ? or * to list all spells.
Aiming: Magic Dart
Press: ? - help, Shift-Dir - straight line, f/p - Joseph
Aim: Joseph, wielding a quarterstaff and wearing a ring mail (flame, severely wounded, confused)
The magic dart hits Joseph.
Joseph is severely wounded.
Joseph is engulfed in blazing flames.
Joseph hits you with an uncursed quarterstaff!!
You die...

.........#
..####..##
##.# #.#
#.# #.#
#.#
#####.##
#.@@..(#
#.###..#
#. #..# #.
...# #.
##.# #. .#
## ##


You could see Joseph (confused).

Vanquished Creatures
  2 hippogriffs (D:7)
  4 hogs (D:7)
  A human (D:7)
  A sky beast (D:6)
  A necrophage (D:7)
  3 ogres
  A centaur (D:6)
  3 bullfrogs
  A scorpion (D:7)
  A howler monkey (D:4)
  5 crimson imps
  A quasit (D:6)
  3 hounds
  2 bullfrog skeletons
  An orc priest (D:5)
  7 orc wizards
  Terence (D:3)
  An iguana (D:7)
  4 worker ants
  A hound skeleton (D:7)
  A worker ant zombie (D:5)
  4 adders
  A shadow imp (D:6)
  3 oozes
  2 adder skeletons (D:4)
  A worm (D:2)
  4 dart slugs
  4 leopard geckos
  23 orcs
  6 giant cockroaches
  6 goblins
  6 hobgoblins
  7 jackals (D:6)
  11 kobolds
  2 ball pythons
  6 bats
  6 frilled lizards
  A giant cockroach zombie (D:6)
  A leopard gecko skeleton (D:4)
  A leopard gecko zombie (D:7)
  2 quokka skeletons
  13 rats
155 creatures vanquished.

Notes
Turn   | Place    | Note
-------+----------+-------------------------------------------
     0 | D:1      | pk666 the Deep Elf Wizard began the quest for the Orb.
     0 | D:1      | Reached XP level 1. HP: 10/10 MP: 7/7
   118 | D:1      | Reached XP level 2. HP: 8/15 MP: 2/9
   723 | D:1      | Reached skill level 5 in Spellcasting
   936 | D:1      | Reached XP level 3. HP: 19/19 MP: 8/11
   940 | D:1      | Learned a level 2 spell: Blink
   944 | D:1      | Learned a level 3 spell: Mephitic Cloud
   948 | D:1      | Learned a level 3 spell: Conjure Flame
  1643 | D:2      | Found a glowing golden altar of the Shining One.
  1737 | D:2      | Found an iron altar of Okawaru.
  2017 | D:2      | Reached skill level 1 in Fire Magic
  2218 | D:3      | Reached XP level 4. HP: 24/24 MP: 10/13
  2438 | D:3      | Reached skill level 1 in Air Magic
  2764 | D:3      | Found a radiant altar of Vehumet.
  2773 | D:3      | Became a worshipper of Vehumet
  2931 | D:3      | Noticed Terence
  2941 | D:3      | Reached skill level 1 in Poison Magic
  3277 | D:3      | Found a stormy altar of Qazlal.
  3354 | D:3      | Found a bloodstained altar of Trog.
  3354 | D:3      | Found a shadowy altar of Dithmenos.
  3486 | D:3      | Killed Terence
  3486 | D:3      | Reached XP level 5. HP: 24/28 MP: 0/14
  4138 | D:4      | Noticed an ogre
  4151 | D:4      | Killed an ogre
  4151 | D:4      | Reached XP level 6. HP: 32/32 MP: 1/16
  4445 | D:4      | Reached skill level 6 in Spellcasting
  5114 | D:5      | Entered Level 5 of the Dungeon
  5187 | D:5      | Reached XP level 7. HP: 36/36 MP: 13/18
  5541 | D:5      | Reached * piety under Vehumet
  5541 | D:5      | Offered knowledge of Flame Tongue by Vehumet.
  6392 | D:5      | Found a deep blue altar of Sif Muna.
  6514 | D:5      | Reached skill level 7 in Spellcasting
  7603 | D:6      | Reached skill level 5 in Conjurations
  7603 | D:6      | Reached XP level 8. HP: 41/41 MP: 12/21
  7671 | D:6      | Found a hazy altar of Hepliaklqana.
  7697 | D:6      | Offered knowledge of Sting by Vehumet.
  7947 | D:6      | Found Tialoal's Distillery.
  8015 | D:6      | Bought a potion of heal wounds for 55 gold pieces
  8015 | D:6      | Bought a potion of curing for 33 gold pieces
  8466 | D:6      | Reached skill level 5 in Fire Magic
  8474 | D:6      | Reached skill level 8 in Spellcasting
  8594 | D:7      | Reached skill level 5 in Dodging
  8887 | D:7      | Found a staircase to the Ecumenical Temple.
  8896 | D:7      | Reached ** piety under Vehumet
  8904 | D:7      | Noticed a hippogriff
  8933 | D:7      | Killed a hippogriff
  9085 | D:7      | Found Bianill's Weapon Shoppe.
  9171 | D:7      | Noticed a hippogriff
  9189 | D:7      | Killed a hippogriff
  9189 | D:7      | Reached skill level 9 in Spellcasting
  9189 | D:7      | Reached XP level 9. HP: 44/44 MP: 10/24
  9747 | D:7      | Found an ornate altar of the Wu Jian Council.
  9810 | D:7      | Found a radiant altar of Vehumet.
 10072 | D:8      | Noticed Joseph
 10092 | D:8      | Slain by Joseph

Skill      XL: |  1  2  3  4  5  6  7  8  9 |
---------------+----------------------------+-----
Conjurations   | 2 3 5 6 7 |  7.4
Spellcasting   | 5 6 7 9 |  9.8
Dodging        | 3 4 5 |  5.0
Fire Magic     | 1 2 3 4 6 7 |  7.0
Air Magic      | 1 2 |  2.1
Poison Magic   | 1 2 3 |  3.0
Stealth        | |  2.4
Summonings     | |  1.1
Translocations | |  1.1

Action                   |  1- 3 |  4- 6 |  7- 9 || total
-------------------------+-------+-------+-------++-------
Melee: Dagger            |       |     5 |    10 ||    15
 Cast: Magic Dart        |    92 |   139 |   307 ||   538
       Blink             |       |     2 |     4 ||     6
       Conjure Flame     |       |    10 |    20 ||    30
       Mephitic Cloud    |       |     2 |    20 ||    22
  Use: Scroll            |       |     1 |       ||     1
  Eat: Chunk             |     3 |     6 |    12 ||    21
       Ration            |       |     1 |     1 ||     2
Armor: Robe              |     1 |     2 |     3 ||     6
Dodge: Dodged            |    17 |    13 |    36 ||    66
